 Dungeon Crawl Stone Soup version 0.29.1-2-gbd0b4ee654 (webtiles) character file.

Game seed: 12818829505676708371

328 mortz the Cudgeller (level 6, -1/62 HPs)
             Began as a Troll Fighter on Nov 22, 2022.
             Shot with an arrow by a centaur (6 damage)
             ... on level 4 of the Dungeon.
             The game lasted 00:13:48 (2507 turns).

mortz the Cudgeller (Troll Fighter)                 Turns: 2507, Time: 00:13:49

Health: -1/62      AC:  4    Str: 27    XL:     6   Next: 25%
Magic:  5/5        EV:  8    Int:  4    God:
Gold:   315        SH:  7    Dex:  9    Spells: 5/5 levels left

rFire   . . .      SeeInvis .   a - +2 flail (vorpal)
rCold   + . .      Faith    .   c - +0 kite shield
rNeg    + . .      Spirit   .   b - +0 robe
rPois   .          Reflect  .   (helmet restricted)
rElec   .          Harm     .   (no cloak)
rCorr   .          Rampage  .   (gloves unavailable)
Will    .....                   (boots unavailable)
Stlth   +.........              (no amulet)
HPRegen 1.00/turn               B - ring of positive energy
MPRegen 0.09/turn               C - ring of protection from cold

@: no status effects
A: large, unfitting armour, claws 3, regeneration 1, shaggy fur 1, tough skin 1
a: no special abilities


You were on level 4 of the Dungeon.
You visited 1 branch of the dungeon, and saw 5 of its levels.

You collected 315 gold pieces.

Inventory:

Hand Weapons
 a - a +2 vorpal flail (weapon)
 n - a +0 flail
 v - a +0 morningstar
 y - a +0 hand axe
Missiles
 g - 21 stones (quivered)
 u - 2 boomerangs
Armour
 b - a +0 robe (worn)
 c - a +0 kite shield (worn)
Magical Staves
 f - a staff of earth
Jewellery
 r - a ring of fire
 B - a ring of positive energy (left claw)
 C - a ring of protection from cold (right claw)
Wands
 h - a wand of paralysis (9)
Scrolls
 j - a scroll of enchant armour {unknown}
 m - a scroll of teleportation {unknown}
 q - a scroll of vulnerability {unknown}
 s - a scroll of identify {unknown}
 w - a scroll of silence {unknown}
 x - a scroll of fog
 z - a scroll of enchant weapon {unknown}
Potions
 d - 5 potions of might
 e - 3 potions of resistance {unknown}
 i - 2 potions of degeneration {unknown}
 k - 2 potions of curing {unknown}
 l - a potion of flight {unknown}
 o - a potion of haste {unknown}
 p - 2 potions of cancellation {unknown}
 t - a potion of lignification {unknown}
 A - a potion of berserk rage {unknown}


   Skills:
 + Level 3.8 Fighting
 * Level 5.1 Maces & Flails
 - Level 2.4 Dodging
 - Level 2.6 Shields


You had 5 spell levels left.
You didn't know any spells.
Your spell library contained the following spells:

 Spells                   Type           Power      Damage    Failure   Level
 Shock                    Conj/Air       0%         1d3       80%         1
 Static Discharge         Conj/Air       0%         3-3/arc   91%         2
 Sublimation of Blood     Necr           0%         N/A       91%         2
 Wereblood                Tmut           0%         N/A       91%         2
 Gell's Gravitas          Tloc           0%         N/A       99%         3
 Lesser Beckoning         Tloc           0%         N/A       99%         3
 Ozocubu's Armour         Ice            0%         N/A       99%         3
 Swiftness                Air            0%         N/A       99%         3
 Teleport Other           Tloc           0%         N/A       99%         3
 Airstrike                Air            0%         2d(0-16)  100%        4
 Dispel Undead            Necr           0%         3d6       100%        4
 Sticky Flame             Conj/Fire      0%         2d3       100%        4
 Ozocubu's Refrigeration  Ice            0%         4d7       100%        7
 Summon Hydra             Summ           0%         N/A       100%        7


Dungeon Overview and Level Annotations

Branches:
Dungeon (5/15) Zot: 26973
 Temple: D:4-7

Altars:
Ru


Innate Abilities, Weirdness & Mutations

You are too large for most types of armour.
You have claws for hands.
Your natural rate of healing is unusually fast.
You are covered in fur. (AC +1)
You have tough skin. (AC +1)


Message History

You are too injured to fight recklessly!
You are too injured to fight recklessly!
You are too injured to fight recklessly!
You are too injured to fight recklessly!
You are too injured to fight recklessly!
You climb upwards.
There is a stone staircase leading down here.
You barely miss the centaur.
The centaur is almost dead.
The centaur kicks you. The centaur hits you. The centaur kicks you.
You closely miss the centaur.
The centaur is almost dead.
The centaur closely misses you. x2
The dart slug launches a dart at you. The slug dart hits you.
The centaur hits you. The centaur closely misses you.
You barely miss the centaur.
The centaur is severely wounded.
The centaur hits you. The centaur kicks you.
The dart slug launches a dart at you. The slug dart hits you.
* * * LOW HITPOINT WARNING * * *
The centaur hits you.
* * * LOW HITPOINT WARNING * * *
The centaur kicks you.
* * * LOW HITPOINT WARNING * * *
The centaur wields a +0 shortbow.
The centaur shoots an arrow.
The arrow barely misses you.
The centaur shoots an arrow.
Okay, then.
The dart slug launches a dart at you. The slug dart hits you.
* * * LOW HITPOINT WARNING * * *
The centaur shoots an arrow.
The centaur shoots an arrow.
The arrow hits you!
* * * LOW HITPOINT WARNING * * *
The centaur shoots an arrow.
The arrow barely misses you.
The centaur shoots an arrow.
The arrow hits you!
* * * LOW HITPOINT WARNING * * *
The centaur shoots an arrow.
The arrow hits you.
You die...

######...# #........# #...#
#........####### #...#
#..w...........#
######...###.#####........#
.............>c...........#
############..###c........#
#..<.#.........#
#....#.........#
#....@.........#
#..####)...#####
#.....')...# #...###....#
##### #...# #....# ....#
#...###....###########
....#
#......)..............
....#
#รท.###################
....# ##............)...#


You could see a centaur.

Vanquished Creatures
  2 scorpions (D:4)
  A hound (D:3)
  An iguana (D:5)
  7 adders
  An ufetubus (D:4)
  A worm (D:2)
  2 dart slugs (D:1)
  3 orcs
  7 bats
  4 endoplasms
  3 giant cockroaches (D:1)
  6 goblins
  9 hobgoblins
  3 jackals (D:4)
  4 quokkas
  10 ball pythons
  5 frilled lizards
  4 kobolds
  4 rats
77 creatures vanquished.

Notes
Turn   | Place    | Note
-------+----------+-------------------------------------------
     0 | D:1      | mortz the Troll Fighter began the quest for the Orb.
     0 | D:1      | Reached XP level 1. HP: 22/22 MP: 0/0
   103 | D:1      | Reached skill level 2 in Maces & Flails
   138 | D:1      | Reached XP level 2. HP: 28/29 MP: 1/1
   559 | D:1      | Reached XP level 3. HP: 36/36 MP: 2/2
   746 | D:2      | Found a faded altar of an unknown god.
   791 | D:2      | Reached skill level 3 in Maces & Flails
  1374 | D:3      | Reached XP level 4. HP: 40/45 MP: 3/3
  1750 | D:3      | Reached skill level 4 in Maces & Flails
  1809 | D:3      | Found a sacrificial altar of Ru.
  1895 | D:3      | Reached XP level 5. HP: 53/53 MP: 4/4
  2258 | D:4      | Reached XP level 6. HP: 49/62 MP: 5/5
  2403 | D:4      | Reached skill level 5 in Maces & Flails
  2484 | D:5      | Entered Level 5 of the Dungeon
  2507 | D:4      | Shot with an arrow by a centaur

Illustrated notes

Levels and vault maps discovered:
D:1:      scummos_arrival_gate, layout_loops_ring
D:2:      layout_rooms, basic_ecumenical_altar
D:3:      layout_basic, nicolae_ru_path_of_blood
D:4:      layout_basic
D:5:      layout_rooms, okawaru_trees_2, enter_ossuary_2, serial_shops,
          nicolae_shop_waterfront, st_stairs_14, chequers_serial_rivers_room_b,
          hangedman_feature_mirror, kennysheep_small_spiral,
          uniq_crazy_yiuf_cottage

Skill      XL: |  1  2  3  4  5  6 |
---------------+-------------------+-----
Maces & Flails | 2 3 4 5 |  5.1
Fighting       | 3 |  3.8
Dodging        | |  2.4
Shields        | |  2.6

Action                   |  1- 3 |  4- 6 || total
-------------------------+-------+-------++-------
Melee: Flail             |   128 |    80 ||   208
       Morningstar       |    38 |    36 ||    74
Throw: Stone             |       |     6 ||     6
  Use: Scroll            |       |     2 ||     2
Armor: Robe              |   106 |    43 ||   149
Dodge: Dodged            |    80 |    48 ||   128
Block: Kite shield       |    76 |    55 ||   131
